Map: New Gettysburg LE

Players

Jason - Winner!

  • Race: Terran Terran
  • League: Grandmaster

Deirfigies

  • Race: Protoss Protoss
  • League: Master

VOD

Have the link to the VOD?

Description

Time

  • Played on: Sept. 9, 2016, 8:26 p.m.
  • Length: 10:23
Show
View Real Time Build Order
Export as new Build Order

Jason Terran - Winner!

Build Orders: Reaper Expand, MMM Bio 

Get SALT Encoding   

  12  0:00  SCV  
  13  0:13  SCV  
  14  0:18  Supply Depot  
  14  0:25  SCV  
  15  0:40  SCV  
  15  0:41  Barracks  
  16  0:44  Refinery  
  16  0:52  SCV  
  18  1:04  SCV  
  18  1:16  SCV  
  19  1:28  Orbital Command  
  19  1:29  Reaper  
  20  1:45  Command Center  
  20  1:54  SCV  
  20  1:57  Supply Depot  
  21  2:02  Barracks Reactor  
  21  2:06  SCV  
  22  2:11  Refinery  
  22  2:18  SCV  
  23  2:23  Factory  
  23  2:31  SCV  
  24  2:39  Marine x2  
  26  2:45  SCV  
  27  2:59  Orbital Command  
  27  3:01  Marine x2  
  27  3:04  SCV  
  30  3:07  Widow Mine  
  30  3:08  Starport  
  32  3:17  SCV  
  32  3:19  Marine x2  
  35  3:24  SCV  
  36  3:29  SCV  
  36  3:32  Supply Depot  
  37  3:35  Supply Depot  
  37  3:36  SCV, Marine  
  37  3:37  Marine  
  37  3:39  Widow Mine  
  42  3:43  SCV  
  42  3:46  Medivac  
  45  3:49  SCV  
  45  3:57  Engineering Bay  
  45  3:59  Bunker  
  45  4:03  SCV  
  45  4:05  SCV  
  45  4:07  Supply Depot, Marine x2  
  49  4:13  Widow Mine, Barracks  
  51  4:17  SCV  
  51  4:22  Medivac  
  51  4:23  SCV  
  55  4:26  Terran Infantry Weapons Level 1  
  55  4:29  SCV  
  56  4:31  Supply Depot  
  56  4:35  SCV  
  56  4:36  Marine x2  
  59  4:39  Liberator  
  59  4:41  SCV, Missile Turret  
  59  4:43  Missile Turret  
  60  4:46  Factory Tech Lab  
  60  4:47  SCV  
  60  4:50  Refinery  
  61  4:56  Marine x2  
  66  5:03  SCV  
  66  5:04  SCV, Barracks Tech Lab  
  66  5:06  Siege Tank  
  71  5:16  SCV  
  71  5:17  Marine x2  
  74  5:21  Supply Depot  
  74  5:23  Marine  
  74  5:24  Stimpack  
  74  5:27  SCV  
  76  5:30  Barracks  
  76  5:41  SCV  
  76  5:42  SCV  
  72  5:44  Marine x2  
  72  5:45  Siege Tank  
  72  5:48  Marauder  
  79  5:53  SCV  
  80  5:58  Refinery, Starport Reactor  
  80  5:59  Command Center  
  80  6:03  SCV  
  81  6:06  Marine x2  
  81  6:07  SCV  
  81  6:09  Supply Depot  
  84  6:22  Barracks Reactor  
  84  6:25  Siege Tank  
  77  6:37  Barracks, Medivac x2  
  77  6:39  SCV x2, Barracks  
  80  6:40  Barracks  
  80  6:44  Marine x2  
  82  6:50  Missile Turret  
  82  6:51  SCV x2  
  82  6:53  Missile Turret  
  84  6:59  Marine x2  
  84  7:00  Marauder  
  88  7:06  SCV, Marine x2  
  88  7:07  SCV  
  92  7:12  Factory Reactor  
  92  7:15  Supply Depot x2  
  92  7:17  Marine x2  
  92  7:18  SCV  
  92  7:19  SCV  
  92  7:22  Marauder  
  98  7:30  SCV, Barracks Reactor  
  98  7:32  Combat Shields  
  98  7:33  Barracks Tech Lab, Missile Turret  
  98  7:34  Marine  
  98  7:36  SCV  
  101  7:38  Terran Infantry Armor Level 1  
  101  7:40  Supply Depot  
  101  7:41  Supply Depot  
  101  7:43  SCV, Marauder  
  104  7:48  SCV, Orbital Command  
  105  7:51  Marine  
  105  7:52  Marine  
  105  7:53  Marine  
  105  7:54  Supply Depot  
  105  7:55  SCV  
  105  7:56  Marine  
  110  7:59  Marauder  
  110  8:00  SCV  
  113  8:05  Medivac x2  
  113  8:07  SCV  
  113  8:08  Widow Mine x2  
  113  8:09  Marine x3  
  113  8:12  SCV  
  126  8:15  SCV  
  126  8:19  SCV, Marine x4  
  132  8:21  Concussive Shells  
  132  8:24  Bunker  
  132  8:25  Supply Depot  
  132  8:28  Supply Depot  
  132  8:29  Marine  
  132  8:30  Marauder  
  135  8:34  Engineering Bay, Marine x2  
  135  8:35  Armory  
  135  8:38  Marauder, Liberator x2, Marine x4  
  135  8:40  Widow Mine  
  135  8:41  Widow Mine  
  147  8:53  Marine x2  
  147  8:54  Marauder, Marine  
  158  8:56  Marine  
  158  9:02  Marine x2  
  160  9:03  Command Center  
  160  9:04  Marine x2  
  161  9:12  Missile Turret  
  161  9:14  Supply Depot  
  161  9:15  Supply Depot  
  161  9:16  Marauder, Marine x2  
  165  9:29  Marine  
  165  9:35  Marine x4  
  165  9:36  Marauder x2  
  173  9:40  Supply Depot  
  173  9:42  Supply Depot  
  164  9:49  Marine x2  
  164  9:50  Marine  
  151  9:55  Marine  
  151  9:56  Marine x2  
  151  9:57  Marauder, Marine x2  
  156  10:03  Refinery  
  156  10:04  Refinery  
  161  10:22  Command Center  
Show
View Real Time Build Order
Export as new Build Order

Deirfigies Protoss 

Build Orders: 1 Gate Expand 

Get SALT Encoding   

  12  0:01  Probe (Chrono Boost)  
  13  0:11  Probe (Chrono Boost)  
  14  0:18  Pylon  
  14  0:24  Probe (Chrono Boost)  
  15  0:36  Probe (Chrono Boost)  
  15  0:41  Gateway  
  16  0:45  Assimilator  
  16  0:47  Probe (Chrono Boost)  
  17  0:58  Probe (Chrono Boost)  
  18  1:08  Probe (Chrono Boost)  
  19  1:19  Probe (Chrono Boost)  
  20  1:28  Nexus  
  20  1:40  Cybernetics Core  
  21  1:47  Probe (Chrono Boost)  
  21  1:56  Pylon  
  21  2:01  Assimilator  
  21  2:02  Probe (Chrono Boost)  
  22  2:11  Pylon  
  22  2:14  Adept  
  23  2:16  Probe (Chrono Boost)  
  23  2:21  Warp Gate  
  25  2:28  Probe (Chrono Boost)  
  26  2:36  Pylon  
  26  2:37  Adept  
  26  2:41  Mothership Core (Chrono Boost)  
  30  3:01  Probe (Chrono Boost)  
  30  3:03  Probe (Chrono Boost)  
  32  3:13  Probe (Chrono Boost)  
  32  3:14  Twilight Council  
  32  3:15  Forge  
  32  3:17  Probe (Chrono Boost)  
  34  3:23  Probe (Chrono Boost)  
  35  3:28  Probe (Chrono Boost)  
  37  3:34  Probe (Chrono Boost)  
  37  3:39  Probe (Chrono Boost)  
  38  3:42  Protoss Ground Weapons Level 1  
  38  3:43  Resonating Glaives  
  40  4:03  Probe (Chrono Boost)  
  40  4:04  Gateway, Probe (Chrono Boost)  
  40  4:06  Gateway  
  40  4:07  Pylon  
  40  4:08  Pylon  
  40  4:14  Gateway  
  40  4:21  Probe x2 (Chrono Boost)  
  40  4:22  Pylon  
  42  4:33  Probe x2 (Chrono Boost)  
  42  4:36  Adept  
  46  4:38  Pylon  
  46  4:45  Probe (Chrono Boost)  
  47  4:46  Gateway  
  47  4:54  Photon Cannon  
  47  4:57  Probe x2 (Chrono Boost)  
  49  5:03  Photon Cannon  
  49  5:07  Blink, Adept x2  
  53  5:19  Assimilator  
  53  5:23  Assimilator  
  53  5:28  Probe (Chrono Boost)  
  54  5:34  Pylon  
  54  5:37  Adept x3  
  54  5:40  Protoss Ground Weapons Level 2  
  60  5:47  Probe (Chrono Boost)  
  62  5:50  Probe (Chrono Boost)  
  62  5:59  Probe (Chrono Boost)  
  62  6:04  Stalker x3  
  62  6:05  Stalker  
  62  6:08  Pylon  
  70  6:17  Stalker  
  67  6:39  Nexus, Sentry x3  
  73  6:40  Sentry, Pylon  
  73  6:43  Probe (Chrono Boost)  
  77  6:47  Probe (Chrono Boost)  
  78  6:54  Robotics Facility  
  78  6:55  Probe (Chrono Boost)  
  78  6:59  Probe (Chrono Boost)  
  79  7:04  Pylon  
  79  7:06  Pylon  
  79  7:12  Probe x2 (Chrono Boost), Adept  
  84  7:24  Probe x2 (Chrono Boost)  
  84  7:30  Stalker x3  
  84  7:36  Probe (Chrono Boost)  
  92  7:37  Sentry x2, Probe (Chrono Boost)  
  92  7:42  Pylon  
  94  7:45  Protoss Ground Armor Level 1  
  94  7:47  Robotics Bay  
  96  7:51  Immortal  
  96  7:52  Probe x2 (Chrono Boost)  
  103  8:05  Probe (Chrono Boost)  
  103  8:06  Probe (Chrono Boost)  
  103  8:07  Probe (Chrono Boost)  
  103  8:10  Adept x2  
  107  8:16  Probe (Chrono Boost)  
  107  8:18  Pylon  
  108  8:27  Stalker x2  
  108  8:33  Gateway  
  108  8:34  Gateway  
  112  8:36  Assimilator, Colossus  
  118  8:50  Assimilator, Pylon  
  118  8:52  Sentry x2, Adept  
  118  8:55  Stalker  
  126  8:59  Probe (Chrono Boost)  
  126  9:00  Probe x2 (Chrono Boost)  
  129  9:03  Pylon  
  129  9:13  Probe (Chrono Boost)  
  129  9:14  Probe x2 (Chrono Boost)  
  132  9:19  Robotics Facility  
  132  9:22  Colossus  
  138  9:31  Gateway  
  138  9:34  Adept x3  
  114  9:46  Adept x4  
  94  9:56  Adept x3  
  74  10:07  Stalker x2  
Tags
 
Add a new tag
Caveats
  • Supply blocks, unpowered buildings, or Contaminate may cause inaccurate times.
  • Supply counts are checked every 10 seconds.